 Dungeon Crawl Stone Soup version 0.28.0-47-ge53b351184 (webtiles) character file.

Game seed: 17965577146559057966

278 pkoi the Conjurer (level 5, -2/38 HPs)
             Began as a Demigod Conjurer on May 8, 2022.
             Slain by a mummy (13 damage)
             ... in an ossuary.
             The game lasted 00:05:03 (5423 turns).

pkoi the Conjurer (Demigod Conjurer)                Turns: 5423, Time: 00:05:03

Health: -2/38      AC:  3    Str:  8    XL:     5   Next: 75%
Magic:  5/10       EV: 12    Int: 24    God:
Gold:   71         SH:  0    Dex: 12    Spells: 4/7 levels left

rFire   . . .      SeeInvis .   p - +0 spear (flame)
rCold   . . .      Faith    .   (no shield)
rNeg    . . .      Spirit   .   a - +0 robe
rPois   .          Reflect  .   h - +1 hat
rElec   .          Harm     .   (no cloak)
rCorr   .          Rampage  .   (no gloves)
Will    +....                   (no boots)
Stlth   ++........              (no amulet)
HPRegen 0.12/turn               y - ring of willpower
MPRegen 0.12/turn               (no ring)

@: no status effects
A: high MP 1, forlorn, divine attributes
a: no special abilities


You were in an ossuary.
You visited 1 branch of the dungeon, and saw 4 of its levels.
You also visited: Ossuary.

You collected 71 gold pieces.

Inventory:

Hand Weapons
 d - a +1 short sword
 e - a +0 mace
 p - a +0 spear of flaming (weapon)
Armour
 a - a +0 robe (worn)
 h - a +1 hat (worn)
Jewellery
 y - a ring of willpower (left hand)
Scrolls
 g - a scroll of enchant weapon
 k - a scroll of magic mapping
 l - 2 scrolls of blinking
 r - a scroll of identify
 t - a scroll of vulnerability
Potions
 b - a potion of haste {unknown}
 c - a potion of ambrosia {unknown}
 f - 2 potions of curing {unknown}
 i - 3 potions of lignification
 j - a potion of cancellation
 m - a potion of resistance {unknown}
 n - a potion of mutation {unknown}
 o - a potion of magic {unknown}
 q - a potion of flight {unknown}
 s - 3 potions of heal wounds {unknown}
 u - a potion of attraction {unknown}
 x - a potion of invisibility {unknown}


   Skills:
 - Level 1.7 Dodging
 - Level 1.7 Stealth
 - Level 1.7 Spellcasting
 + Level 6.7 Conjurations


You had 4 spell levels left.
You knew the following spells:

 Your Spells              Type           Power      Damage    Failure   Level
a - Magic Dart            Conj           100%       1d8       1%          1
b - Searing Ray           Conj           68%        2d6       1%          2

Your spell library contained the following spells:

 Spells                   Type           Power      Damage    Failure   Level
 Dazzling Flash           Conj/Hex       36%        N/A       10%         3
 Fulminant Prism          Conj/Hex       9%         3d7       30%         4
 Iskenderun's Mystic Bla  Conj/Tloc      18%        2d6       30%         4


Dungeon Overview and Level Annotations

Branches:
Dungeon (4/15)             Temple (0/1) D:4         Ossuary (1/1)

Annotations:
D:4 Pikel


Innate Abilities, Weirdness & Mutations

You have an increased reservoir of magic. (+10% MP)
You shall have no god before yourself.
Your divine heritage dramatically boosts your attributes as you level up.


Message History

You start waiting.
Done waiting.
You start waiting.
Done waiting.
You open the door.
There is an open door here.
You open the door.
There is an open door here.
r - a scroll of identify
There is an open door here.
As you open the door, it creaks loudly!
A mummy comes into view.
Found a scroll labelled OVAERARYRODO.
Casting: Magic Dart (safe; 1% risk of failure)
Confirm with . or Enter, or press ? or * to list all spells.
Aiming: Searing Ray (safe; 1% risk of failure)
Press: ? - help, Shift-Dir - straight line, f - mummy
Aim: a mummy (91% to hit)
The searing ray hits the mummy!
The mummy is heavily damaged. (Press . to maintain the ray.) Unknown command.
The searing ray hits the mummy.
The mummy is heavily damaged.
The mummy hits you!
* * * LOW HITPOINT WARNING * * *
The searing ray hits the mummy.
The mummy is severely damaged.
The mummy hits you!
* * * LOW HITPOINT WARNING * * *
The searing ray hits the mummy.
The mummy is almost destroyed.
You finish channelling your searing ray.
You closely miss the mummy.
The mummy is almost destroyed.
The mummy misses you.
You barely miss the mummy.
The mummy is almost destroyed.
The mummy hits you!
You die...

#..####.####.....####.####
#.........................
#............#.#..........
#..####......#'#......####
#..#.'...8...#.#...8...'.#
#..####......###......####
#.........................
#.........................
#..#.#..#@#..#.#..#.#..#.#
#..#'#..#M#..#+#..#+#..#'#
#..#.#..#?#..# #..# #..#.#
#..###..###..###..###..###
#.........................
#.........................
#############'''##########
##...## ##.....##


You could see a mummy.

Vanquished Creatures
  A wraith (Ossuary)
  2 mummies (Ossuary)
  2 adders
  A worm (D:2)
  3 dart slugs
  6 ball pythons
  4 bats
  6 endoplasms
  2 giant cockroaches (D:1)
  6 goblins
  9 hobgoblins
  6 jackals
  2 quokkas (D:2)
  A frilled lizard (D:1)
  3 goblin zombies (Ossuary)
  5 hobgoblin zombies (Ossuary)
  8 kobolds
  6 kobold zombies (Ossuary)
  7 rats
80 creatures vanquished.

Notes
Turn   | Place    | Note
-------+----------+-------------------------------------------
     0 | D:1      | pkoi the Demigod Conjurer began the quest for the Orb.
     0 | D:1      | Reached XP level 1. HP: 14/14 MP: 5/5
   102 | D:1      | Reached skill level 4 in Conjurations
   228 | D:1      | Reached XP level 2. HP: 7/20 MP: 1/7
   543 | D:1      | Learned a level 2 spell: Searing Ray
  1475 | D:2      | Reached XP level 3. HP: 9/26 MP: 4/8
  2225 | D:2      | Reached skill level 5 in Conjurations
  2907 | D:3      | Reached XP level 4. HP: 33/33 MP: 5/9
  3639 | D:4      | Noticed Pikel
  3639 | D:4      | Noticed a lemure
  3639 | D:4      | Noticed a lemure
  3639 | D:4      | Noticed a lemure
  3639 | D:4      | Noticed a lemure
  3697 | D:4      | Found a sand-covered staircase.
  3701 | Ossuary  | Entered an ossuary
  3701 | Ossuary  | Noticed a wraith
  3701 | Ossuary  | Noticed a wraith
  3701 | Ossuary  | Noticed a wraith
  4822 | Ossuary  | Noticed a wraith
  4831 | Ossuary  | Killed a wraith
  4832 | Ossuary  | Reached skill level 6 in Conjurations
  4832 | Ossuary  | Reached XP level 5. HP: 15/38 MP: 0/10
  5423 | Ossuary  | Slain by a mummy

Illustrated notes

Levels and vault maps discovered:
D:1:      ebering_trefoil_3fold, layout_rooms, ebering_ecumenical_altar_box
D:2:      minmay_diamond_boxcup, layout_rooms
D:3:      layout_basic, lightli_temple_of_fire, evilmike_ruin_ashenzari
D:4:      layout_cave_pools, makhleb_altar_promises_db,
          minmay_temple_entry_statues_pillars,
          nicolae_ossuary_entry_false_entrances, corexii_checkpoint_a,
          uniq_eustachio, uniq_pikel
Ossuary:  ossuary_kennysheep_city_of_the_dead

Skill      XL: |  1  2  3  4 |
---------------+-------------+-----
Conjurations   | 4 5 6 |  6.7
Dodging        | |  1.7
Stealth        | |  1.7
Spellcasting   | |  1.7

Action                   |  1- 3 |  4- 6 || total
-------------------------+-------+-------++-------
Melee: Short sword       |    11 |       ||    11
       Punch             |     1 |       ||     1
       Spear             |       |     2 ||     2
 Cast: Magic Dart        |    89 |    52 ||   141
       Searing Ray       |     2 |     5 ||     7
  Use: Scroll            |     4 |     7 ||    11
Armor: Robe              |    13 |     2 ||    15
Dodge: Dodged            |    31 |     9 ||    40
